Map: Dragon Scales LE

Players

K.I.-1 (Sehr leicht)

  • Race: Terran Terran
  • Spawn Location: 11:00

FockenPimpe - Winner!

  • Race: Protoss Protoss
  • League: Platinum
  • Spawn Location: 5:00

VOD

Have the link to the VOD?

Description

Time

  • Played on: Jan. 25, 2023, 3:58 p.m.
  • Length: 12:15
Show
View Real Time Build Order
Export as new Build Order

K.I.-1 (Sehr leicht) Terran 

Build Orders: Reaper Expand 

Get SALT Encoding   

  12  0:00  SCV  
  13  0:13  SCV  
  14  0:18  Supply Depot  
  14  0:42  Barracks  
  14  1:03  Command Center  
  14  1:31  Orbital Command, Marine, Supply Depot  
  15  1:36  Refinery  
  15  1:48  Refinery  
  15  1:56  SCV  
  17  2:08  SCV  
  17  2:16  Reaper  
  17  2:20  SCV  
  17  2:22  SCV  
  20  2:32  SCV  
  20  2:36  SCV  
  22  2:44  SCV  
  22  2:45  Refinery  
  22  2:50  SCV  
  24  2:57  SCV  
  25  3:03  Marine  
  25  3:05  SCV  
  27  3:12  SCV  
  28  3:19  SCV  
  29  3:20  Factory  
  29  3:45  Refinery  
  29  3:46  SCV  
  30  3:50  Marine  
  30  3:53  SCV  
  32  4:00  SCV, Supply Depot  
  33  4:07  Starport  
  33  4:08  SCV  
  33  4:09  Barracks Tech Lab  
  34  4:15  SCV  
  35  4:22  SCV  
  36  4:29  SCV  
  37  4:34  Supply Depot  
  37  4:37  SCV  
  37  4:38  Marauder  
  40  4:44  SCV  
  40  4:45  Starport Tech Lab  
  41  4:51  SCV  
  42  4:58  SCV  
  43  5:03  Raven  
  43  5:05  SCV  
  46  5:12  SCV  
  47  5:20  SCV  
  48  5:24  Marine  
  49  5:37  Raven  
  51  6:12  Marine  
  52  6:39  Supply Depot  
  52  6:40  Marine  
  52  6:44  SCV  
  50  6:54  Raven  
  50  7:00  SCV  
  48  7:07  SCV  
  47  7:10  Hellion  
  47  7:15  SCV  
  50  7:28  Raven  
  52  7:38  Marine  
  53  8:07  Marauder  
  55  8:35  Hellion  
  57  9:23  Marauder  
  59  10:51  Reaper  
  59  10:52  Medivac  
  59  10:54  Supply Depot  
  43  11:22  Raven  
  43  11:24  Marauder  
  47  11:31  SCV  
  31  11:46  SCV  
Show
View Real Time Build Order
Export as new Build Order

FockenPimpe Protoss - Winner!

Build Orders: 1 Gate Expand, Phoenix Opening 

Get SALT Encoding   

  12  0:00  Probe  
  13  0:12  Probe  
  14  0:21  Pylon  
  14  0:24  Probe  
  15  0:39  Probe  
  15  0:41  Gateway  
  16  0:51  Probe  
  17  0:57  Assimilator  
  17  1:03  Probe (Chrono Boost)  
  18  1:14  Probe (Chrono Boost)  
  19  1:18  Probe (Chrono Boost)  
  20  1:27  Nexus  
  20  1:37  Cybernetics Core  
  20  1:44  Probe  
  21  1:52  Assimilator  
  21  1:56  Probe  
  22  2:02  Pylon  
  22  2:19  Adept (Chrono Boost)  
  24  2:28  Probe  
  25  2:31  Stargate  
  25  2:36  Pylon  
  25  2:39  Probe  
  25  2:40  Probe  
  25  2:43  Warp Gate (Chrono Boost)  
  27  2:46  Adept (Chrono Boost)  
  29  3:05  Probe x2  
  31  3:15  Phoenix (Chrono Boost)  
  31  3:16  Pylon  
  31  3:17  Probe x2  
  35  3:29  Probe x2  
  35  3:33  Pylon  
  37  3:37  Gateway  
  37  3:39  Gateway  
  37  3:40  Phoenix  
  39  3:43  Probe  
  40  3:48  Probe  
  40  3:55  Probe  
  42  4:00  Probe  
  43  4:07  Probe  
  43  4:09  Adept  
  46  4:13  Probe, Phoenix  
  49  4:19  Probe  
  50  4:29  Nexus  
  50  4:34  Pylon  
  50  4:35  Probe x2  
  52  4:45  Phoenix  
  54  4:47  Probe x2  
  56  4:55  Twilight Council  
  56  4:58  Forge  
  56  5:04  Pylon  
  56  5:05  Pylon, Probe x2  
  46  5:21  Phoenix  
  60  5:36  Gateway  
  60  5:38  Gateway  
  60  5:39  Gateway  
  60  5:40  Gateway  
  60  5:42  Gateway  
  60  5:43  Gateway  
  60  5:45  Gateway  
  60  5:51  Robotics Facility  
  60  5:57  Adept x3  
  66  6:10  Probe x3  
  69  6:14  Charge (Chrono Boost)  
  69  6:16  Protoss Ground Armor Level 1 (Chrono Boost)  
  69  6:22  Probe x2  
  69  6:23  Zealot x3  
  78  6:32  Probe  
  78  6:34  Probe x2  
  80  6:45  Probe  
  79  7:11  Probe x2  
  79  7:12  Probe  
  82  7:16  Assimilator x2  
  82  7:17  Assimilator  
  82  7:19  Assimilator  
  82  7:23  Probe  
  82  7:24  Probe x2  
  82  7:27  Pylon  
  82  7:29  Shield Battery  
  85  7:31  Photon Cannon  
  85  7:34  Zealot x2  
  85  7:35  Zealot x8, Probe  
  85  7:36  Probe  
  107  7:40  Warp Prism  
  109  7:46  Robotics Bay  
  109  7:53  Pylon x2  
  109  8:09  Shield Battery  
  109  8:14  Photon Cannon, Zealot x7  
  109  8:15  Zealot x2  
  127  8:26  Robotics Facility  
  127  8:29  Forge  
  127  8:35  Pylon  
  127  8:37  Pylon x2  
  127  8:39  Pylon  
  127  8:44  Disruptor (Chrono Boost)  
  130  8:55  Protoss Ground Weapons Level 1 (Chrono Boost), Probe x3  
  133  8:59  Pylon x2  
  133  9:07  Probe x2  
  133  9:09  Disruptor (Chrono Boost)  
  135  9:11  Disruptor (Chrono Boost)  
  135  9:14  Protoss Ground Armor Level 2 (Chrono Boost)  
  135  9:16  Nexus  
  141  9:18  Pylon  
  141  9:21  Pylon  
  141  9:24  Pylon  
  141  9:37  Zealot x5  
  141  9:38  Disruptor  
  151  9:39  Disruptor  
  157  10:01  Blink  
  157  10:14  Disruptor  
  157  10:15  Disruptor  
  163  10:28  Shield Battery  
  163  10:30  Photon Cannon  
  163  10:32  Pylon  
  163  10:35  Shield Battery  
  163  10:38  Assimilator  
  163  10:41  Pylon  
  163  10:42  Assimilator  
  163  10:46  Pylon, Photon Cannon  
  163  10:49  Disruptor  
  163  10:51  Disruptor  
  167  11:15  Zealot x6  
  167  11:16  Zealot  
  181  11:25  Disruptor  
  181  11:26  Disruptor  
Tags
 
Add a new tag
Caveats
  • Supply blocks, unpowered buildings, or Contaminate may cause inaccurate times.
  • Supply counts are checked every 10 seconds.